← All builds
Beach sea / Cortex / Economy first / OBSERVED BUILD

Standard beach sea

Cortex Beach sea build order · Supreme Isthmus

The role's usual play: com goes to sea to build a shipyard around 2 minutes, pumping frigates and destroyers to contest enemy sea entry or hold vision, with an advanced metal extractor around 10 minutes as the transition into the team's…

Usually shipyard first (94%)

#naval #eco · 871 distinct matches · 111 players · 83% of Cortex Beach sea games · team won 54% of 943 · Recently observed

HOW TO PLAY IT

Key timing: Shipyard by 1:57

  1. Open 3 mex and wind while com heads straight to sea.
  2. Drop Shipyard fast, before 2:00, to seize early sea presence.
  3. Push "frigate" out to contest enemy sea entry or hold vision.
  4. Add "destroyer" as the fleet grows.
  5. Transition into Advanced Metal Extractor to catch up on eco.

Phase by phase

TYPICAL OF ITS 871 GAMES
  1. 1
  2. 2
  3. 3
PLAY THE OPENING

Follow the example game's first 6:00 step by step: what to build now, what comes next, and where it goes. At 1× it keeps pace with your own game.

  1. 1

    Up to the Shipyard

    Economy
    • Metal Extractor3Mex
    • Wind Turbine2Windfor allies
    • Wind Turbine2Wind
    • Energy Storage1Energy storage
    Order
    1. ShipyardShipyard after 3 mex, 2 wind, 1 energy storagedone ~1:57, middle half 1:43–2:07

    By 1:40 in all: 3 mex · 2 wind · 1 energy storage

    The example game in this phase · 3 steps
    1. Mex ×3
    2. Wind ×5
    3. ShipyardShipyarddone 1:33 · typical 1:57
  2. 2

    Shipyard to 5:00

    Economy
    • Metal Extractor5Mex
    • Tidal Generator2Tidal
    Builders
    • Construction Ship2 Con ship
    Army
    • Riptide2 Frigate
    • Herring1 Missile corvette
    • Oppressor1 Destroyer
    Other
    • Naval Radar / Sonar Tower1 Naval Radar / Sonar Tower

    Some games also: Urchin (45%) · submarine (39%) · wind (39%) · gunboat (36%) · con turret (35%)

    By 5:00 in all: 8 mex · 3 wind · 2 tidal · 1 energy storage

    The example game in this phase · 21 steps
    1. RiptideFrigatedone 1:54 · typical 3:51
    2. Tidal
    3. Construction ShipCon ship
    4. Tidal
    5. Construction ShipCon ship
    6. RiptideFrigate
    7. Mex ×2
    8. HerringMissile corvette
    9. Mex
    10. OppressorDestroyerdone 4:15 · typical 5:11
    11. Mex ×2
    12. Naval Radar / Sonar TowerNaval Radar / Sonar Tower
    13. Mex
    14. Mex
    15. UrchinUrchin
    16. Death CavalryDeath Cavalry
    17. Wind
    18. GuardGuard ×2
    19. Con turret
    20. GuardGuard
    21. Naval Construction Turret
  3. 3

    5:00 to 10:00

    Economy
    • Metal Extractor1Mex
    • Wind Turbine9Wind
    Builders
    • Construction Ship1 Con ship
    • Death Cavalry1 Death Cavalry
    Army
    • Urchin1 Urchin
    • Riptide5 Frigate
    • Oppressor2 Destroyer
    • Herring2 Missile corvette
    Other
    • Naval Radar / Sonar Tower1 Naval Radar / Sonar Tower

    Some games also: Naval Construction Turret (48%) · Guard (47%) · Radar Tower (40%) · tidal (38%) · con turret (34%)

    By 10:00 in all: 9 mex · 12 wind · 4 wind · 4 tidal · 1 energy storage · 1 Naval Construction Turret

    The example game in this phase · 106 steps
    1. RiptideFrigate
    2. Wind ×3
    3. RiptideFrigate
    4. Wind
    5. Wind
    6. Wind ×2
    7. OppressorDestroyer
    8. Wind
    9. Wind
    10. Wind
    11. Wind
    12. Death CavalryDeath Cavalry
    13. Wind
    14. Wind
    15. HerringMissile corvette
    16. Wind
    17. Wind ×2
    18. RiptideFrigate
    19. Wind
    20. Mex
    21. Wind
    22. Wind
    23. RiptideFrigate
    24. Wind
    25. Wind
    26. Wind
    27. Wind
    28. OppressorDestroyer
    29. Wind
    30. Mex
    31. Radar TowerRadar Tower
    32. Wind
    33. Death CavalryDeath Cavalry
    34. Wind
    35. Mex
    36. HerringMissile corvette
    37. Wind
    38. Wind
    39. Wind
    40. RiptideFrigate
    41. Wind
    42. Con turret
    43. RiptideFrigate
    44. Advanced Metal ExtractorT2 mexdone 10:14 · typical 9:58
    45. Con turret
    46. OppressorDestroyer
    47. GuardGuard ×3
    48. Con turret
    49. Advanced Metal ExtractorT2 mex
    50. Mex
    51. Wind
    52. Mex
    53. Wind ×2
    54. Bot LabBot Labdone 11:06
    55. Advanced Metal ExtractorT2 mex
    56. Wind ×4
    57. Construction BotCon bot
    58. GuardGuard
    59. Wind ×2
    60. Naval Construction Turret
    61. Wind ×3
    62. Naval Construction Turret
    63. Wind ×2
    64. Naval Construction Turret
    65. Wind ×3
    66. Advanced Metal ExtractorT2 mex
    67. Wind ×2
    68. GuardGuard
    69. Wind
    70. Twin GuardTwin Guard
    71. Wind
    72. Construction BotCon bot
    73. Wind
    74. Con turret
    75. Construction BotCon bot
    76. Con turret
    77. Advanced ShipyardAdvanced Shipyarddone 13:15
    78. Wind ×3
    79. WardenWarden
    80. Wind
    81. Naval Construction Turret
    82. Wind
    83. AggravatorAggravator
    84. Con turret
    85. Wind
    86. Con turret
    87. Naval Construction Turret
    88. GraverobberGraverobber
    89. ThugThug
    90. Wind ×3
    91. Con turret
    92. Naval Construction Turret
    93. Wind
    94. WardenWarden
    95. Wind ×5
    96. Advanced Construction SubAdvanced Construction Sub
    97. Wind ×3
    98. Fusion ReactorFusionnot finished by 15:00
    99. PathfinderPathfinder
    100. Con turret
    101. PathfinderPathfinder
    102. Naval Advanced Metal ExtractorNaval Advanced Metal Extractordone 14:45
    103. Naval Radar / Sonar TowerNaval Radar / Sonar Tower
    104. Con turret
    105. PathfinderPathfinder
    106. Con turret

Counts are medians over the build's games: half of them build more, half fewer. The example game is [crd]sisa's (46 OS, 03/10/2026); pick another.

Team trades

IN AT LEAST 30% OF ITS GAMES

You hand over

  • Wind Turbine3 Wind to Airfirst at 1:52 · in 78% of games

You get

  • Finch1 Finch from Airfirst at 1:59 · in 82% of games
  • Lazarus1 Lazarus from Geofirst at 2:13 · in 62% of games
  • Hephaestus1 Heavy transport from Airfirst at 2:16 · in 68% of games
  • Construction Bot1 Con bot from Geofirst at 2:27 · in 69% of games
  • Hercules1 Light transport from Airfirst at 2:35 · in 32% of games
  • Advanced Construction Bot1 T2 con bot from Techfirst at 8:10 · in 88% of games

How it plays out

Typical game of this build, running totals by minute

Metal produced

010k20k30k
0:005:0010:0015:00

metal

Enemy metal destroyed

05k10k
0:005:0010:0015:00

metal

Own metal lost

02.5k5k7.5k
0:005:0010:0015:00

metal

943 games.

Show as table
ByMetal produced: This buildEnemy metal destroyed: This buildOwn metal lost: This build
1:0040300
2:0093700
3:00157000
4:002537051
5:003709197100
6:005035533261
7:0064751080591
8:00803818141031
9:00966427901581
10:001155639232340
11:001375250003070
12:001628061193825
13:001906771064611
14:002181181625667
15:002487692576531
WHAT THE NUMBERS SAY

Standard Beach sea wins more than Geo sea's 50% and gets its Shipyard up faster, using early sea access before falling behind on land resources.

  • + Shipyard finishes by 1:57, faster than Geo sea's 3:18
  • + 54% team win rate beats the Cortex geo sea baseline
  • − Metal produced trails Geo sea's Cortex build, 24356 vs 28451 by 15:00
  • − T2 factory only lands in 35% of games by 12:42
THE EXAMPLE YOU ARE READING

[crd]sisa

46.4 OS · 03/10/2026

Open source match ↗

4 received units · includes a constructor
1070 metal received · 10219 energy received

Allied construction assistance is unknown. Timings are observations, not a promise of solo reproducibility.

Typical milestones

Shipyard1:57Middle 50%: 1:43–2:07 · n=941
Riptide3:51Middle 50%: 3:15–4:34 · n=925
Oppressor5:11Middle 50%: 4:18–6:08 · n=907
Advanced Metal Extractor9:58Middle 50%: 9:17–10:55 · n=797

Played most by

EpicTyrannus94games of this buildDamsko68games of this buildWaboum64games of this buildPRO_HYDRA61games of this buildKbot_my_Ahole52games of this build